 Dungeon Crawl Stone Soup version 0.17.1-2-g5865329 (webtiles) character file.

112 Origami the Skirmisher (level 4, -2/40 HPs)
             Began as a Draconian Berserker on Feb 10, 2016.
             Was a Believer of Trog.
             Slain by AlfredTheGreat's ghost (8 damage)
             ... on level 4 of the Dungeon.
             The game lasted 00:16:20 (3231 turns).

Origami the Skirmisher (Draconian Berserker)        Turns: 3231, Time: 00:16:21

Health: -2/40      AC:  5    Str: 21    XL:     4   Next: 63%
Magic:  4/4        EV: 13    Int:  7    God:    Trog [**....]
Gold:   99         SH:  0    Dex: 10    Spells: 0 memorised, 3 levels left

rFire  + . .     SeeInvis +     a - +0 hand axe
rCold  . . .     Clarity  .     (armour unavailable)
rNeg   . . .     SustAt   .     (no shield)
rPois  .         Gourm    .     (helmet restricted)
rElec  .         Spirit   .     (no cloak)
rCorr  .         Warding  .     (no gloves)
rMut   .         Stasis   .     (no boots)
MR     .....                    (no amulet)
Stlth  +.........               h - ring of see invisible
                                i - ring of protection from fire

@: exhausted, slowed, very slow, not resistant to hostile enchantments, very
unstealthy
A: unfitting armour, cold-blooded, AC +5
a: Berserk, Trog's Hand, Burn Spellbooks, Renounce Religion


You were on level 4 of the Dungeon.
You worshipped Trog.
Trog was pleased with you.
You were not hungry.

You visited 1 branch of the dungeon, and saw 4 of its levels.

You collected 99 gold pieces.

Inventory:

Hand Weapons
 a - a +0 hand axe (weapon)
Jewellery
 f - an uncursed ring of flight
 h - a ring of see invisible (right hand)
 i - a ring of protection from fire (left hand)
Wands
 g - a wand of flame (21)
 l - a wand of disintegration (11)
Scrolls
 c - 6 scrolls of identify
 d - 2 scrolls of teleportation
 e - 3 scrolls of remove curse
 k - a scroll of blinking
 m - a scroll of magic mapping
Comestibles
 b - 2 bread rations
 j - 2 meat rations
 n - a slice of pizza


   Skills:
 * Level 4.2 Fighting
 * Level 3.6 Axes
 * Level 4.0 Dodging


You had 3 spell levels left.
You didn't know any spells.

Dungeon Overview and Level Annotations

Branches:
Dungeon (4/15)
 Temple: D:4-7

Altars:

Annotations:
D:4 AlfredTheGreat's ghost, amateur MiBe


Innate Abilities, Weirdness & Mutations

Your plain brown scales are hard (AC +5).
Your body does not fit into most forms of armour.
You are cold-blooded and may be slowed by cold attacks.


Message History

AlfredTheGreat's ghost is lightly damaged.
AlfredTheGreat's ghost misses you.
You completely miss AlfredTheGreat's ghost.
AlfredTheGreat's ghost is lightly damaged.
AlfredTheGreat's ghost hits you!
* * * LOW HITPOINT WARNING * * *
You hit AlfredTheGreat's ghost but do no damage.
AlfredTheGreat's ghost is lightly damaged.
You hit AlfredTheGreat's ghost.
Your tail-slap misses AlfredTheGreat's ghost.
AlfredTheGreat's ghost is moderately damaged.
AlfredTheGreat's ghost hits you!
* * * LOW HITPOINT WARNING * * *
AlfredTheGreat's ghost shouts, "You must not succeed where I failed!"
You feel a strong urge to attack something.
You are no longer berserk.
You are exhausted.
You feel yourself slow down. AlfredTheGreat's ghost hits you!
You die...

.. #.......## ## .......
#........#
........#######......#.# #
...........#.....#.#...# #
.......###...#####.##..#######
..!....#........##........#...
#................#..........##
#................#.........###
............W@>............###
........###..##...............
........# ##....#.....###.#...
.............#......#.# #.....
#.........##.#..##..#.###..#..
#....####. #......<...........
#.### . #.....#............ #.
...##.###............
.....#.........<....


You could see AlfredTheGreat's ghost.

Vanquished Creatures
  An orc priest (D:3)
  2 adders (D:3)
  A worm (D:2)
  4 giant geckos
  3 orcs (D:3)
  8 bats
  7 hobgoblins
  4 jackals (D:3)
  6 kobolds
  2 ball pythons
  A giant gecko skeleton (D:4)
  5 giant newts
  5 goblins
  9 rats
58 creatures vanquished.

Notes
Turn   | Place    | Note
--------------------------------------------------------------
     0 | D:1      | Origami the Draconian Berserker began the quest for the Orb.
     0 | D:1      | Reached XP level 1. HP: 19/19 MP: 1/1
   519 | D:1      | Reached XP level 2. HP: 26/26 MP: 2/2
  1227 | D:2      | Reached ** piety under Trog
  1545 | D:2      | Reached XP level 3. HP: 30/33 MP: 3/3
  1834 | D:3      | Reached skill level 4 in Fighting
  1834 | D:3      | Reached XP level 4. HP: 25/40 MP: 4/4
  2897 | D:4      | Noticed AlfredTheGreat's ghost (amateur MiBe)
  3231 | D:4      | Slain by AlfredTheGreat's ghost

Action                   |  1- 3 |  4- 6 || total
-------------------------+-------+-------++-------
Melee: Hand axe          |   119 |    68 ||   187
Invok: Berserk           |       |     1 ||     1
  Use: Scroll            |     7 |     3 ||    10
       Potion            |     1 |     3 ||     4
  Eat: Chunk             |     3 |     4 ||     7
       Bread ration      |       |     1 ||     1
